 Dungeon Crawl Stone Soup version 0.19.0-19-g8c6edcc (console) character file.

135 Kloppie the Skirmisher (level 4, -6/61 HPs)
             Began as a Draconian Berserker on Nov 13, 2016.
             Was a Believer of Trog.
             Mangled by a gnoll
             ... wielding a +0 spear
              (8 damage)
             ... on level 3 of the Dungeon.
             The game lasted 00:02:23 (1958 turns).

Kloppie the Skirmisher (Draconian Berserker)        Turns: 1958, Time: 00:02:24

Health: -6/61      AC:  6    Str: 24    XL:     4   Next: 96%
Magic:  4/4        EV: 13    Int:  8    God:    Trog [**....]
Gold:   98         SH:  0    Dex: 11    Spells: 0 memorised, 3 levels left

rFire  . . .     SeeInvis .     a - +0 mace
rCold  . . .     Gourm    .     (armour unavailable)
rNeg   . . .     Faith    .     (no shield)
rPois  .         Spirit   .     (helmet restricted)
rElec  .         Reflect  .     r - +0 cloak (curse)
rCorr  .         Harm     .     (no gloves)
MR     .....                    (no boots)
Stlth  ..........               (no amulet)
                                (no ring)
                                (no ring)

@: berserking, very quick
A: unfitting armour, cold-blooded, AC +5
a: Berserk, Trog's Hand, Burn Spellbooks, Renounce Religion


You were on level 3 of the Dungeon.
You worshipped Trog.
Trog was pleased with you.
You were very hungry.

You visited 1 branch of the dungeon, and saw 3 of its levels.

You collected 98 gold pieces.

Inventory:

Hand Weapons
 a - a +0 mace (weapon)
Armour
 r - a cursed +0 cloak (worn)
Jewellery
 g - a +3 amulet of reflection {unknown}
Scrolls
 e - 2 scrolls of teleportation {unknown}
 f - 2 scrolls of recharging {unknown}
 i - a scroll of immolation {unknown}
 n - 2 scrolls of amnesia {unknown}
 o - 2 scrolls of magic mapping {unknown}
 q - a scroll of remove curse {unknown}
 s - a scroll of fog {unknown}
Potions
 c - a potion of might {unknown}
 k - 2 potions of curing {unknown}
 m - a potion of heal wounds {unknown}
 p - a potion of flight {unknown}
Comestibles
 b - a bread ration
 d - 7 chunks of flesh
 h - 2 meat rations
 j - a fruit
 l - a beef jerky


   Skills:
 + Level 4.3 Fighting
 + Level 3.9 Maces & Flails
 + Level 4.0 Dodging


You had 3 spell levels left.
You didn't know any spells.

Dungeon Overview and Level Annotations

Branches:
Dungeon (3/15)

Altars:
Okawaru


Innate Abilities, Weirdness & Mutations

Your plain brown scales are hard. (AC +5)
You cannot fit into any form of body armour.
You are cold-blooded and may be slowed by cold attacks.


Message History

* * * LOW HITPOINT WARNING * * *
You thump the gnoll! You tail-slap the gnoll.
You kill the gnoll!
Trog accepts your kill.
Your Dodging skill increases to level 4!
The bat hits you but does no damage. The gnoll hits you but does no damage.
The gnoll hits you with a flail.
* * * LOW HITPOINT WARNING * * *
The gnoll barely misses you.
You sock the gnoll!
The gnoll is severely wounded.
The bat barely misses you. The gnoll misses you.
The gnoll hits you with a spear.
* * * LOW HITPOINT WARNING * * *
The gnoll hits you with a flail!
* * * LOW HITPOINT WARNING * * *
You barely miss the gnoll.
Your tail-slap misses the gnoll.
The gnoll is severely wounded.
The bat hits you but does no damage. x2; The gnoll hits you with a spear!
You die...

##### ##########
....#### #.......)#
.......# #........####
..8....####.)......)..#
.8.8.......>###.......#
8._.8..####.# #.......#
.8)8...# #.# #...%...#
..8.[..# #.# #.@g...$+
......## #.# #gbg....#
##.#.## ............#
#...# ..K.........+
###.# #............#
#.# ######?......# #
#.# ......#... # #.#
....###### #


You could see 3 gnolls, a bat and a kobold.

Vanquished Creatures
  4 gnolls
  3 adders
  3 worms
  2 leopard geckos (D:2)
  4 orcs (D:3)
  9 goblins
  10 hobgoblins
  2 jackals (D:3)
  A ball python (D:2)
  4 bats
  5 frilled lizards
  7 kobolds
  3 rats
57 creatures vanquished.

Notes
Turn   | Place    | Note
-------+----------+-------------------------------------------
     0 | D:1      | Kloppie the Draconian Berserker began the quest for the Orb.
     0 | D:1      | Reached XP level 1. HP: 19/19 MP: 1/1
   174 | D:1      | Reached XP level 2. HP: 26/26 MP: 2/2
   759 | D:2      | Reached XP level 3. HP: 22/33 MP: 3/3
   966 | D:2      | Found an iron altar of Okawaru.
  1082 | D:2      | Reached XP level 4. HP: 22/40 MP: 4/4
  1284 | D:2      | Reached ** piety under Trog
  1889 | D:3      | Found a faded altar of an unknown god.
  1957 | D:3      | HP: 2/61 [gnoll/flail (12)]
  1958 | D:3      | Mangled by a gnoll

Skill      XL: |  1  2  3  4 |
---------------+-------------+-----
Dodging        | 3 4 |  4.0
Fighting       | 4 |  4.3
Maces & Flails | |  3.9

Action                   |  1- 3 |  4- 6 || total
-------------------------+-------+-------++-------
Melee: Mace              |    91 |   102 ||   193
       Tailslap          |     9 |    16 ||    25
Invok: Berserk           |     2 |     3 ||     5
  Eat: Chunk             |     2 |     5 ||     7
Armor: Skin              |    18 |    43 ||    61
Dodge: Dodged            |    67 |   106 ||   173
